 Dungeon Sprint DCSS version 0.17-a0-1497-g03599f7 (webtiles) character file.

144 nuthulu the Magician (level 5, -18/28 HPs)
             Began as a Deep Elf Fire Elementalist on July 6, 2015.
             Was a Believer of Vehumet.
             Killed from afar by a deep elf conjurer (20 damage)
             ... with a bolt of lightning
             ... in the Dungeon (Sprint V: "Ziggurat Sprint").
             The game lasted 00:01:50 (404 turns).

nuthulu the Magician (Deep Elf Fire Elementalist)    Turns: 404, Time: 00:01:51

Health: -18/28     AC:  2    Str:  5    XL:     5   Next: 5%
Magic:  14/17      EV: 16    Int: 33    God:    Vehumet [**....]
Gold:   0          SH:  0    Dex: 15    Spells: 1 memorised, 18 levels left

rFire  + . .     SeeInvis .     I - staff of fire
rCold  . . .     Clarity  .     a - +0 robe
rNeg   . . .     SustAt   .     (no shield)
rPois  .         Gourm    .     (no helmet)
rElec  .         Spirit   .     (no cloak)
rCorr  .         Warding  .     (no gloves)
rMut   .         NoTele   +     (no boots)
MR     .....                    (no amulet)
Stlth  ++........               E - +6 ring of intelligence
                                F - +6 ring of intelligence

@: very slightly contaminated, not resistant to hostile enchantments, unstealthy
A: no striking features
a: Renounce Religion


You were in the Dungeon.
You worshipped Vehumet.
Vehumet was pleased with you.
You were not hungry.

You visited 1 branch

Inventory:

Hand weapons
 m - a +5 quick blade
Armour
 a - a +0 robe (worn)
Magical staves
 I - an uncursed staff of fire (weapon)
Jewellery
 C - a +6 ring of dexterity
 D - a +6 ring of dexterity
 E - a +6 ring of intelligence (right hand)
 F - a +6 ring of intelligence (left hand)
 G - a +6 ring of strength
 H - a +6 ring of strength
Magical devices
 y - a wand of disintegration (7)
 z - a wand of fire (2)
 A - a wand of cold (3)
 B - a wand of draining (5)
Scrolls
 i - 3 scrolls of blinking
 p - 4 scrolls of amnesia
 q - 3 scrolls of recharging
 r - 7 scrolls of fog
 s - a scroll of holy word
 t - 5 scrolls of identify
 u - 5 scrolls of remove curse
 v - 2 scrolls of fear
Potions
 d - 10 potions of curing
 e - 9 potions of heal wounds
 f - 6 potions of haste
 g - 7 potions of magic
 h - 3 potions of berserk rage
 j - 2 potions of brilliance
 k - 2 potions of invisibility
 l - 4 potions of resistance
 n - 5 potions of agility
 o - 5 potions of might
Books
 b - a book of Flames

   Spells                             Type                      Level
   a - Flame Tongue                   Conjuration/Fire             1
   b - Throw Flame                    Conjuration/Fire             2
   c - Conjure Flame                  Conjuration/Fire             3
   d - Inner Flame                    Hexes/Fire                   3
   e - Sticky Flame                   Conjuration/Fire             4
   f - Fireball                       Conjuration/Fire             5
Comestibles
 c - 5 bread rations
 w - 42 fruits
 x - 4 meat rations


   Skills:
 + Level 7.1 Dodging
 - Level 2.4 Stealth
 + Level 7.9 Spellcasting
 + Level 6.2 Conjurations
 + Level 7.1 Fire Magic


You had 18 spell levels left.
You knew the following spells:

 Your Spells              Type           Power        Failure   Level  Hunger
a - Flame Tongue          Conj/Fire      #####        1%          1    None


Dungeon Overview and Level Annotations

Branches:
Dungeon (1/1)

Altars:
Ashenzari
Cheibriados
Dithmenos
Elyvilon
Fedhas
Gozag
Kikubaaqudgha
Makhleb
Nemelex Xobeh
Okawaru
Qazlal
Ru
Sif Muna
Trog
Vehumet
Xom
Yredelemnul
Zin
The Shining One
Beogh
Jiyva
Lugonu


Message History

The deep elf conjurer drops an uncursed rapier.
The deep elf conjurer picks up a +2 war axe of chopping.
The deep elf conjurer wields a +2 war axe of chopping.
The deep elf mage points at you and mumbles some strange words.
The orb of energy hits you!
Ouch! That really hurt!
The deep elf conjurer unwields an uncursed short sword.
The deep elf conjurer drops an uncursed short sword.
The deep elf conjurer picks up a +2 rod of the swarm (12/12).
The deep elf conjurer wields a +2 rod of the swarm (12/12).
Found four items.
Drink which item? (? for menu, Esc to quit)
You feel much better.
The deep elf conjurer casts a spell at you.
The bolt of lightning hits you!
Ouch! That really hurt!
* * * LOW HITPOINT WARNING * * *
The bolt of lightning hits you!
Ouch! That really hurt!
You die...

▓.....▓.....▓▓▓▓▓▓▓
▓▓▓▓▓▓▓▓▓▓▓▓▓▓
▓..8©8...▓
▓..P)e...▓
▓...ee...▓
▓........▓
........▓
▓.▓....▓.▓
▓...@....▓
▓▓▓▓▓▓▓▓▓▓


You could see 2 deep elf conjurers and a deep elf mage.

Vanquished Creatures
  An eye of draining (D)
  An orc wizard (D)
  2 adders (D)
  An orc (D)
  A ball python (D)
6 creatures vanquished.

Notes
Turn   | Place    | Note
--------------------------------------------------------------
     0 | D        | nuthulu the Deep Elf Fire Elementalist began the quest for the Orb.
     0 | D        | Reached XP level 1. HP: 10/10 MP: 6/6
     0 | D        | Found a roughly hewn altar of Beogh.
     0 | D        | Found a corrupted altar of Lugonu.
     0 | D        | Found a viscous altar of Jiyva.
     0 | D        | Found a white marble altar of Elyvilon.
     0 | D        | Found a sparkling altar of Nemelex Xobeh.
     0 | D        | Found a burning altar of Makhleb.
     0 | D        | Found an iron altar of Okawaru.
     0 | D        | Found a deep blue altar of Sif Muna.
     0 | D        | Found a radiant altar of Vehumet.
     0 | D        | Found a bloodstained altar of Trog.
     0 | D        | Found a shimmering altar of Xom.
    14 | D        | Reached skill level 5 in Dodging
    14 | D        | Reached skill level 5 in Spellcasting
    14 | D        | Reached skill level 5 in Fire Magic
    14 | D        | Reached XP level 2. HP: 15/15 MP: 6/10
    49 | D        | Became a worshipper of Vehumet
    54 | D        | Entered arena 1.
    54 | D        | Noticed an orc wizard
    59 | D        | Killed an orc wizard
    59 | D        | Reached skill level 6 in Spellcasting
    59 | D        | Reached XP level 3. HP: 12/19 MP: 5/12
   326 | D        | Entered arena 2.
   327 | D        | Acquired Vehumet's first power
   327 | D        | Offered knowledge of Magic Dart by Vehumet.
   332 | D        | Reached skill level 5 in Conjurations
   399 | D        | Entered arena 3.
   399 | D        | Noticed an eye of draining
   399 | D        | Noticed a slime creature
   399 | D        | Noticed a jelly
   399 | D        | Noticed a slime creature
   402 | D        | Killed an eye of draining
   402 | D        | Reached skill level 7 in Dodging
   402 | D        | Reached XP level 4. HP: 24/24 MP: 13/15
   402 | D        | Reached XP level 5. HP: 28/28 MP: 14/17
   403 | D        | Entered arena 4.
   403 | D        | Noticed a deep elf conjurer
   403 | D        | Noticed a deep elf mage
   403 | D        | Noticed a deep elf conjurer
   404 | D        | Killed from afar by a deep elf conjurer

Vault maps used:
D:        sprint_v

Action                   |  1- 3 |  4- 6 || total
-------------------------+-------+-------++-------
 Cast: Flame Tongue      |    12 |       ||    12
Evoke: Wand              |     4 |     1 ||     5
  Use: Potion            |     1 |     1 ||     2
       Scroll            |       |     1 ||     1
